TOP OF THE 1ST |
Chicago Gold Sox batting - Pitching for Hartford Whalers : RHP Dave Parrish
|
Pitching: RHP Dave Parrish
|
|
Batting: RHB John Farrell
|
0-0: Ball 1-0: Fly out, F9 (Popup, 34D)
|
Batting: RHB Craig Stewart
|
0-0: DOUBLE (Flyball, 78M)
|
Batting: LHB Noel Ballard
|
0-0: Called Strike 0-1: Ball 1-1: Ball 2-1: Foul Ball, location: 2F 2-2: Ball 3-2: Foul Ball, location: 2F 3-2: Ground out 6-3 (Groundball, 6)
|
Batting: LHB Earl Ellis
|
0-0: Ground out U3 (Groundball, 3)
|
Top of the 1st over - 0 run(s), 1 hit(s), 0 error(s), 1 left on base; Chicago 0 - Hartford 0 |
BOTTOM OF THE 1ST |
Hartford Whalers batting - Pitching for Chicago Gold Sox : RHP John Brown
|
Pitching: RHP John Brown
|
|
Batting: RHB Roberto Ramírez
|
0-0: Ball 1-0: Ball 2-0: Ball 3-0: Called Strike 3-1: Base on Balls
|
Batting: LHB Leonardo López
|
0-0: Ball 1-0: Ball 2-0: Called Strike 2-1: Ball 3-1: 2-RUN HOME RUN (Flyball, 9LD), Distance : 343 ft
|
Batting: RHB Tyrone Scott
|
0-0: Swinging Strike 0-1: Ball 1-1: Ball 2-1: Ball 3-1: Foul Ball, location: 2F 3-2: Strikes out swinging
|
Batting: RHB Félix Rodríguez
|
0-0: Ball 1-0: DOUBLE (Line Drive, 9LM)
|
Batting: LHB César Durán
|
0-0: Called Strike 0-1: Foul Ball, location: 2F 0-2: Ball 1-2: Ground out 4-3 (Groundball, 4M) Félix Rodríguez to third
|
Batting: RHB Akahele Kimokeo
|
0-0: Called Strike 0-1: Ball 1-1: Ball 2-1: Foul Ball, location: 2F 2-2: Ball 3-2: Base on Balls
|
Batting: LHB Frank Parks
|
0-0: Ball 1-0: SINGLE (Flyball, 4MD) Félix Rodríguez scores Akahele Kimokeo to second
|
Batting: LHB Bill Burgess
|
0-0: Ball 1-0: Ball 2-0: 3-RUN HOME RUN (Flyball, 89XD), Distance : 404 ft
|
Batting: RHB Dave Parrish
|
0-0: Ball 1-0: Called Strike 1-1: Foul Ball, location: 2F 1-2: Ball 2-2: Ground out 4-3 (Groundball, 4)
|
Bottom of the 1st over - 6 run(s), 4 hit(s), 0 error(s), 0 left on base; Chicago 0 - Hartford 6 |
TOP OF THE 2ND |
Chicago Gold Sox batting - Pitching for Hartford Whalers : RHP Dave Parrish
|
Batting: LHB Ron Goodwin
|
0-0: Foul Ball, location: 2F 0-1: Ground out 4-3 (Groundball, 4)
|
Batting: LHB Norm Ortega
|
0-0: Called Strike 0-1: Ball 1-1: Ball 2-1: Called Strike 2-2: SINGLE (Groundball, 34D)
|
Batting: LHB Vicente Martínez
|
0-0: Called Strike 0-1: Foul Ball, location: 2F 0-2: Grounds into double play, U6-3 (Groundball, 6M)
|
Top of the 2nd over - 0 run(s), 1 hit(s), 0 error(s), 0 left on base; Chicago 0 - Hartford 6 |
BOTTOM OF THE 2ND |
Hartford Whalers batting - Pitching for Chicago Gold Sox : RHP John Brown
|
Batting: RHB Roberto Ramírez
|
0-0: Foul Ball, location: 2F 0-1: Ball 1-1: Ball 2-1: Ball 3-1: Foul Ball, location: 2F 3-2: Base on Balls
|
Pitching: RHP Mike Heller
|
|
Batting: LHB Leonardo López
|
0-0: Ball 1-0: Foul Ball, location: 2F 1-1: Ball 2-1: Ball 3-1: Base on Balls Roberto Ramírez to second
|
Batting: RHB Tyrone Scott
|
0-0: Called Strike 0-1: Grounds into double play, 6-4-3 (Groundball, 6) Roberto Ramírez to third
|
Batting: RHB Félix Rodríguez
|
0-0: Ball 1-0: Fly out, F2 (Popup, 2RF)
|
Bottom of the 2nd over - 0 run(s), 0 hit(s), 0 error(s), 1 left on base; Chicago 0 - Hartford 6 |
TOP OF THE 3RD |
Chicago Gold Sox batting - Pitching for Hartford Whalers : RHP Dave Parrish
|
Batting: RHB Mike Brown
|
0-0: Swinging Strike 0-1: Ball 1-1: Foul Ball, location: 2F 1-2: Ground out 3-1 (Groundball, 34S)
|
Batting: LHB Mike Heller
|
0-0: Foul Ball, location: 2F 0-1: Called Strike 0-2: Strikes out swinging
|
Batting: RHB John Farrell
|
0-0: Ball 1-0: Called Strike 1-1: Ball 2-1: Called Strike 2-2: DOUBLE (Flyball, 8LXD)
|
Batting: RHB Craig Stewart
|
0-0: Swinging Strike 0-1: Ball 1-1: Foul Ball, location: 2F 1-2: Ball 2-2: Ball 3-2: Fly out, F8 (Flyball, 8RM)
|
Top of the 3rd over - 0 run(s), 1 hit(s), 0 error(s), 1 left on base; Chicago 0 - Hartford 6 |
BOTTOM OF THE 3RD |
Hartford Whalers batting - Pitching for Chicago Gold Sox : RHP Mike Heller
|
Batting: LHB César Durán
|
0-0: Ball 1-0: Fly out, F8 (Flyball, 8RXD)
|
Batting: RHB Akahele Kimokeo
|
0-0: Called Strike 0-1: Ball 1-1: Reached on error, E1 (Groundball, 15S)
|
Batting: LHB Frank Parks
|
0-0: Ball 1-0: Foul Ball, location: 2F 1-1: Called Strike 1-2: Ball 2-2: DOUBLE (Flyball, 78XD) Akahele Kimokeo to third Akahele Kimokeo scores
|
Batting: LHB Bill Burgess
|
0-0: Ball 1-0: Ball 2-0: Ball Wild Pitch! Frank Parks to third 3-0: Called Strike 3-1: Base on Balls
|
Batting: RHB Dave Parrish
|
0-0: Called Strike 0-1: Foul Ball, location: 2F 0-2: Fly out, F3 (Popup, 4S)
|
Batting: RHB Roberto Ramírez
|
0-0: Ball 1-0: Swinging Strike 1-1: Ball 2-1: Swinging Strike 2-2: Ball 3-2: Foul Ball, location: 2F 3-2: Strikes out swinging
|
Bottom of the 3rd over - 1 run(s), 1 hit(s), 1 error(s), 2 left on base; Chicago 0 - Hartford 7 |
TOP OF THE 4TH |
Chicago Gold Sox batting - Pitching for Hartford Whalers : RHP Dave Parrish
|
Batting: LHB Noel Ballard
|
0-0: Foul Ball, location: 2F 0-1: Foul Ball, location: 2F 0-2: Ball 1-2: Ball 2-2: Ball 3-2: Base on Balls
|
Batting: LHB Earl Ellis
|
0-0: Ball 1-0: Called Strike 1-1: Ball 2-1: Fly out, F8 (Flyball, 8RXD)
|
Batting: LHB Ron Goodwin
|
0-0: Ball 1-0: Foul Ball, location: 2F 1-1: Ball 2-1: Foul Ball, location: 2F 2-2: Foul Ball, location: 2F 2-2: Ball 3-2: Base on Balls Noel Ballard to second
|
Batting: LHB Norm Ortega
|
0-0: Ball 1-0: Called Strike Noel Ballard steals 3rd base 1-1: Ball 2-1: Called Strike 2-2: Foul Ball, location: 2F 2-2: Foul Ball, location: 2F 2-2: Ball 3-2: SINGLE (Line Drive, 9S) Noel Ballard scores Ron Goodwin to second
|
Batting: LHB Vicente Martínez
|
0-0: Ball 1-0: Ball 2-0: Ball 3-0: Called Strike 3-1: Grounds into double play, 6-4-3 (Groundball, 6)
|
Top of the 4th over - 1 run(s), 1 hit(s), 0 error(s), 1 left on base; Chicago 1 - Hartford 7 |
BOTTOM OF THE 4TH |
Hartford Whalers batting - Pitching for Chicago Gold Sox : RHP Mike Heller
|
Batting: LHB Leonardo López
|
0-0: Fly out, F8 (Flyball, 8RM)
|
Batting: RHB Tyrone Scott
|
0-0: Foul Ball, location: 2F 0-1: SINGLE (Line Drive, 34D)
|
Batting: RHB Félix Rodríguez
|
0-0: Fly out, F7 (Flyball, 78M)
|
Batting: LHB César Durán
|
0-0: Called Strike 0-1: Swinging Strike 0-2: Ground out 4-3 (Groundball, 4)
|
Bottom of the 4th over - 0 run(s), 1 hit(s), 0 error(s), 1 left on base; Chicago 1 - Hartford 7 |
TOP OF THE 5TH |
Chicago Gold Sox batting - Pitching for Hartford Whalers : RHP Dave Parrish
|
Batting: RHB Mike Brown
|
0-0: Ball 1-0: Ball 2-0: Swinging Strike 2-1: Ball 3-1: Foul Ball, location: 2F 3-2: Ground out 5-3 (Groundball, 5L)
|
Batting: LHB Mike Heller
|
0-0: Called Strike 0-1: Foul Ball, location: 2F 0-2: SOLO HOME RUN (Flyball, 9D), Distance : 369 ft
|
Batting: RHB John Farrell
|
0-0: SINGLE (Groundball, 6MD)
|
Batting: RHB Craig Stewart
|
0-0: Called Strike 0-1: Ball 1-1: Foul Ball, location: 2F 1-2: Ball 2-2: Foul Ball, location: 2F 2-2: Foul Ball, location: 2F 2-2: Foul Ball, location: 2F 2-2: Foul Ball, location: 2F 2-2: Ball 3-2: Reached on error, E6 (Groundball, 6) John Farrell to second
|
Batting: LHB Noel Ballard
|
0-0: Ball 1-0: DOUBLE (Line Drive, 5L) John Farrell scores Craig Stewart to third Runner from 3rd tries for Home, SAFE, throw made home
|
Batting: LHB Earl Ellis
|
0-0: Ball Wild Pitch! Noel Ballard to third 1-0: Called Strike 1-1: Ball 2-1: Ground out 5-3 (Groundball, 56) Noel Ballard scores
|
Batting: LHB Ron Goodwin
|
0-0: Ball 1-0: Ball 2-0: Ball 3-0: Called Strike 3-1: Fly out, F6 (Popup, 6D)
|
Top of the 5th over - 4 run(s), 3 hit(s), 1 error(s), 0 left on base; Chicago 5 - Hartford 7 |
BOTTOM OF THE 5TH |
Hartford Whalers batting - Pitching for Chicago Gold Sox : RHP Mike Heller
|
Batting: RHB Akahele Kimokeo
|
0-0: Ball 1-0: SINGLE (Groundball, 56D)
|
Batting: LHB Frank Parks
|
0-0: Ball 1-0: Ball 2-0: Called Strike 2-1: Ball 3-1: TRIPLE (Line Drive, 3D) Akahele Kimokeo scores
|
Batting: LHB Bill Burgess
|
0-0: Ball 1-0: Called Strike 1-1: Foul Ball, location: 2F 1-2: Ball 2-2: Foul Ball, location: 2F 2-2: Foul Ball, location: 2F 2-2: Ground out 4-3 (Groundball, 4) Frank Parks scores
|
Pitching: RHP John Hicks
|
|
Pinch Hitting: RHB Dave O'Day
|
0-0: Foul Ball, location: 2F 0-1: Fly out, F7 (Flyball, 7D)
|
Batting: RHB Roberto Ramírez
|
0-0: Ball 1-0: Called Strike 1-1: Fly out, F8 (Flyball, 8RXD)
|
Bottom of the 5th over - 2 run(s), 2 hit(s), 0 error(s), 0 left on base; Chicago 5 - Hartford 9 |
TOP OF THE 6TH |
Chicago Gold Sox batting - Pitching for Hartford Whalers : RHP Dave Parrish
|
Pitching: RHP Kelly Hampton
|
|
Batting: LHB Norm Ortega
|
0-0: Ball 1-0: Ground out 4-3 (Groundball, 4)
|
Batting: LHB Vicente Martínez
|
0-0: Foul Ball, location: 2F 0-1: Fly out, F9 (Flyball, 9D)
|
Batting: RHB Mike Brown
|
0-0: Foul Ball, location: 2F 0-1: Ground out 6-3 (Groundball, 6)
|
Top of the 6th over - 0 run(s), 0 hit(s), 0 error(s), 0 left on base; Chicago 5 - Hartford 9 |
BOTTOM OF THE 6TH |
Hartford Whalers batting - Pitching for Chicago Gold Sox : RHP John Hicks
|
Batting: LHB Leonardo López
|
0-0: Ball 1-0: Ball 2-0: Ball 3-0: Called Strike 3-1: Foul Ball, location: 2F 3-2: Strikes out swinging
|
Batting: RHB Tyrone Scott
|
0-0: Ball 1-0: Ball 2-0: Ball 3-0: Base on Balls
|
Batting: RHB Félix Rodríguez
|
0-0: Called Strike 0-1: Ball 1-1: SINGLE (Groundball, 15) (infield hit) Tyrone Scott to second
|
Batting: LHB César Durán
|
0-0: Called Strike 0-1: SINGLE (Groundball, 4MD) Tyrone Scott to third Félix Rodríguez to second
|
Batting: RHB Akahele Kimokeo
|
0-0: Foul Ball, location: 2F 0-1: Foul Ball, location: 2F 0-2: Foul Ball, location: 2F 0-2: Strikes out swinging
|
Batting: LHB Frank Parks
|
0-0: Swinging Strike 0-1: Foul Ball, location: 2F 0-2: Foul Ball, location: 2F 0-2: Ball 1-2: Ball 2-2: Ball Wild Pitch! Tyrone Scott scores Félix Rodríguez to third César Durán to second 3-2: Strikes out swinging
|
Bottom of the 6th over - 1 run(s), 2 hit(s), 0 error(s), 2 left on base; Chicago 5 - Hartford 10 |
TOP OF THE 7TH |
Chicago Gold Sox batting - Pitching for Hartford Whalers : RHP Kelly Hampton
|
Now at C: Julian Anthony
|
|
Pinch Hitting: RHB Kyle Myers
|
0-0: Called Strike 0-1: Ball 1-1: Ball 2-1: Ground out 5-3 (Groundball, 5S)
|
Batting: RHB John Farrell
|
0-0: Ball 1-0: Called Strike 1-1: Ball 2-1: Foul Ball, location: 2F 2-2: Foul Ball, location: 2F 2-2: Ball 3-2: Fly out, F7 (Flyball, 78D)
|
Batting: RHB Craig Stewart
|
0-0: Ball 1-0: SINGLE (Groundball, 6D)
|
Batting: LHB Noel Ballard
|
0-0: DOUBLE (Groundball, 5L) Craig Stewart to third Runner from 3rd tries for Home, SAFE, no throw or cutoff
|
Batting: LHB Earl Ellis
|
0-0: Ball 1-0: Foul Ball, location: 2F 1-1: Ball 2-1: Ball 3-1: Base on Balls
|
Batting: LHB Ron Goodwin
|
0-0: Ball 1-0: Ball 2-0: Ground out 4-3 (Groundball, 4)
|
Top of the 7th over - 1 run(s), 2 hit(s), 0 error(s), 2 left on base; Chicago 6 - Hartford 10 |
BOTTOM OF THE 7TH |
Hartford Whalers batting - Pitching for Chicago Gold Sox : RHP John Hicks
|
Pitching: LHP Billy Black
|
|
Batting: LHB Bill Burgess
|
0-0: Called Strike 0-1: Swinging Strike 0-2: Ball 1-2: Foul Ball, location: 2F 1-2: Foul Ball, location: 2F 1-2: Ground out 4-3 (Groundball, 4)
|
Pinch Hitting: RHB Mal Green
|
0-0: Foul Ball, location: 2F 0-1: Called Strike 0-2: Strikes out swinging
|
Batting: SHB Julian Anthony
|
0-0: Called Strike 0-1: Ball 1-1: Foul Ball, location: 2F 1-2: Foul Ball, location: 2F 1-2: Strikes out looking
|
Bottom of the 7th over - 0 run(s), 0 hit(s), 0 error(s), 0 left on base; Chicago 6 - Hartford 10 |
TOP OF THE 8TH |
Chicago Gold Sox batting - Pitching for Hartford Whalers : RHP Kelly Hampton
|
Pitching: RHP Iván Cordero
|
|
Batting: LHB Norm Ortega
|
0-0: Ball 1-0: Foul Ball, location: 2F 1-1: Foul Ball, location: 2F 1-2: SINGLE (Line Drive, 7LM)
|
Batting: LHB Vicente Martínez
|
0-0: Called Strike 0-1: Ball 1-1: Ball 2-1: Ground out 4-3 (Groundball, 4M) Norm Ortega to second
|
Batting: RHB Mike Brown
|
0-0: Called Strike 0-1: Foul Ball, location: 2F 0-2: Hit by Pitch
|
Pinch Hitting: LHB Cristo Ramírez
|
0-0: Fly out, F7 (Flyball, 7M)
|
Batting: RHB John Farrell
|
0-0: Foul Ball, location: 2F 0-1: Ball 1-1: Ball 2-1: Called Strike 2-2: Ball 3-2: Base on Balls Norm Ortega to third Mike Brown to second
|
Batting: RHB Craig Stewart
|
0-0: Ground out 5-3 (Groundball, 5S)
|
Top of the 8th over - 0 run(s), 1 hit(s), 0 error(s), 3 left on base; Chicago 6 - Hartford 10 |
BOTTOM OF THE 8TH |
Hartford Whalers batting - Pitching for Chicago Gold Sox : LHP Billy Black
|
Pitching: RHP Justin Reynolds
|
|
Batting: LHB Leonardo López
|
0-0: Ball 1-0: Ball 2-0: Called Strike 2-1: Called Strike 2-2: Ball 3-2: Base on Balls
|
Batting: RHB Tyrone Scott
|
0-0: Ball Leonardo López steals 2nd base 1-0: Intentional Walk
|
Batting: RHB Félix Rodríguez
|
0-0: Ball 1-0: Reached on error, E1 (Groundball, 13S) Leonardo López to third Tyrone Scott to second
|
Batting: LHB César Durán
|
0-0: Ball 1-0: Fielders Choice at 2nd, 4-6 (Groundball, 4) Leonardo López scores Tyrone Scott to third
|
Batting: RHB Akahele Kimokeo
|
0-0: Called Strike 0-1: TRIPLE (Line Drive, 8RM) Tyrone Scott scores César Durán scores
|
Pitching: RHP Gene Kirkland
|
|
Batting: LHB Frank Parks
|
0-0: Called Strike 0-1: Swinging Strike 0-2: Strikes out swinging
|
Batting: LHB Bill Burgess
|
0-0: Called Strike 0-1: Called Strike 0-2: Ball 1-2: Foul Ball, location: 2F 1-2: Foul Ball, location: 2F 1-2: Strikes out looking
|
Bottom of the 8th over - 3 run(s), 1 hit(s), 1 error(s), 1 left on base; Chicago 6 - Hartford 13 |
TOP OF THE 9TH |
Chicago Gold Sox batting - Pitching for Hartford Whalers : RHP Iván Cordero
|
Batting: LHB Noel Ballard
|
0-0: Ball 1-0: SINGLE (Groundball, 6MD) (infield hit)
|
Pinch Hitting: RHB Juan Orozco
|
0-0: Called Strike 0-1: Fly out, F9 (Flyball, 9LM)
|
Batting: LHB Ron Goodwin
|
0-0: Ball 1-0: Ball 2-0: Swinging Strike 2-1: Called Strike 2-2: Ball 3-2: Foul Ball, location: 2F 3-2: Base on Balls Noel Ballard to second
|
Pitching: RHP Jeff Macías
|
|
Batting: LHB Norm Ortega
|
0-0: Foul Ball, location: 2F 0-1: Ball 1-1: Called Strike 1-2: Fly out, F7 (Flyball, 7M)
|
Batting: LHB Vicente Martínez
|
0-0: Ball 1-0: Called Strike 1-1: Ball 2-1: Fly out, F9 (Flyball, 89D)
|
Top of the 9th over - 0 run(s), 1 hit(s), 0 error(s), 2 left on base; Chicago 6 - Hartford 13 |
|